 Dungeon Crawl Stone Soup version 0.21.0-25-ge575cb9 (webtiles) character file.

814 HEYYEYAAE the Digger (level 7, 0/84 HPs)
             Began as a Demigod Earth Elementalist on Jan 23, 2018.
             Succumbed to Edmund's poison
             ... on level 4 of the Dungeon.
             The game lasted 00:05:43 (3980 turns).

HEYYEYAAE the Digger (Demigod Earth Elementalist)   Turns: 3980, Time: 00:05:44

Health: 0/84       AC: 23    Str: 11    XL:     7   Next: 35%
Magic:  16/16      EV:  2    Int: 23    God:
Gold:   200        SH:  0    Dex: 21    Spells: 13/14 levels left

rFire    . . .     SeeInvis .   m - +1 whip (elec)
rCold    . . .     Gourm    .   (no shield)
rNeg     + + +     Faith    .   (armour currently unavailable)
rPois    +         Spirit   .   (helmet currently unavailable)
rElec    .         Reflect  .   (cloak currently unavailable)
rCorr    .         Harm     .   (gloves currently unavailable)
MR       .....     NoTele   +   (boots currently unavailable)
Stlth    +++.......             (no amulet)
HPRegen  0.24/turn              (no ring)
MPRegen  0.15/turn              (no ring)

@: agile, lethally poisoned (0 -> -10), tree-form, berserk cooldown, slowed,
very slow
A: high mp 1
a: no special abilities


You were on level 4 of the Dungeon.
You were hungry.
You were a tree.
You visited 1 branch of the dungeon, and saw 4 of its levels.

You collected 200 gold pieces.

Inventory:

Hand Weapons
 m - a +1 whip of electrocution (weapon)
Missiles
 b - 74 stones (quivered)
Armour
 c - a +0 robe (melded)
 q - a +1 helmet (melded)
Wands
 l - a wand of enslavement (15)
Scrolls
 a - 2 scrolls of identify
 h - 3 scrolls of teleportation
 k - a scroll of blinking
 r - 2 scrolls of immolation
Potions
 i - a potion of might
 j - a potion of agility
Books
 e - a book of Geomancy

   Spells                             Type                      Level
   a - Sandblast                      Earth                        1
   b - Passwall                       Transmutation/Earth          2
   c - Stone Arrow                    Conjuration/Earth            3
   d - Petrify                        Transmutation/Earth          4
   e - Lee's Rapid Deconstruction     Earth                        5
Comestibles
 d - 11 rations


   Skills:
 + Level 2.6 Fighting
 + Level 2.7 Armour
 + Level 3.3 Dodging
 - Level 1.7 Stealth
 * Level 4.1 Spellcasting
   Level 0.8 Transmutations
 * Level 5.0 Earth Magic


You had 13 spell levels left.
You knew the following spells:

 Your Spells              Type           Power        Failure   Level  Hunger
a - Sandblast             Erth           ####..       1%          1    None


Dungeon Overview and Level Annotations

Branches:
Dungeon (4/15)             Temple (0/1) D:4

Annotations:
D:4 1 runed door


Innate Abilities, Weirdness & Mutations

You have an increased reservoir of magic. (+10% MP)


Message History

You feel very sick.
You turn into a tree.
Your +1 helmet melds into your body.
Your +0 robe melds into your body.
Your roots penetrate the ground.
* * * LOW HITPOINT WARNING * * *
You feel very sick.
Unknown command.
Unknown command.
Unknown command.
Okay, then.
Okay, then.
There is a lethal amount of poison in your body!
* * * LOW HITPOINT WARNING * * *
You feel very sick.
* * * LOW HITPOINT WARNING * * *
You feel sick.
* * * LOW HITPOINT WARNING * * *
You feel very sick.
* * * LOW HITPOINT WARNING * * *
You feel sick.
You die...

##...##.# #.#..#.......#..#
##>###.#.###.##.#..._...#..#
.............##.#?......#.##
##...........##.#.......#.#
#...<##.###.##.#,.....,#.#
#.#####.# #.##.####a####.#
#.# #.# #.##....)......#
##.#####.###.###.####.#####
#...............♣).†..#
#..#.#######.##########
#..#.# #.#
#..#.#######.######
#.................#
..###############.# ### #.#
#.# #.#


There were no monsters in sight!

Vanquished Creatures
  Grinder (D:3)
  Sigmund (D:2)
  Edmund (D:4)
  A scorpion (D:4)
  A centaur zombie (D:4)
  An orc wizard (D:3)
  2 worker ants (D:4)
  6 adders
  3 gnolls (D:4)
  2 oozes
  2 worms
  4 leopard geckos
  8 orcs (D:3)
  7 giant cockroaches
  6 hobgoblins
  4 jackals (D:4)
  10 kobolds
  3 quokkas
  9 bats
  5 frilled lizards
  10 goblins
  A leopard gecko skeleton (D:4)
  A quokka skeleton (D:4)
  7 rats
96 creatures vanquished.

Notes
Turn   | Place    | Note
-------+----------+-------------------------------------------
     0 | D:1      | HEYYEYAAE the Demigod Earth Elementalist began the quest for the Orb.
     0 | D:1      | Reached XP level 1. HP: 14/14 MP: 5/5
   121 | D:1      | Reached XP level 2. HP: 9/20 MP: 4/7
   234 | D:1      | Reached skill level 3 in Earth Magic
   745 | D:1      | Reached XP level 3. HP: 27/27 MP: 6/9
   966 | D:2      | Found a shattered altar of Ashenzari.
  1225 | D:2      | Noticed Sigmund
  1230 | D:2      | Killed Sigmund
  1230 | D:2      | Reached skill level 1 in Fighting
  1230 | D:2      | Reached skill level 1 in Armour
  1230 | D:2      | Reached XP level 4. HP: 26/35 MP: 5/11
  1230 | D:2      | Reached XP level 5. HP: 29/40 MP: 5/12
  1887 | D:3      | Noticed Grinder
  1902 | D:3      | Killed Grinder
  1902 | D:3      | Reached skill level 4 in Earth Magic
  1902 | D:3      | Reached XP level 6. HP: 14/48 MP: 8/14
  2572 | D:3      | Found a shadowy altar of Dithmenos.
  2768 | D:4      | Found a hazy altar of Hepliaklqana.
  2900 | D:4      | Noticed Edmund
  3282 | D:4      | Reached XP level 7. HP: 30/56 MP: 16/16
  3289 | D:4      | Found a staircase to the Ecumenical Temple.
  3665 | D:4      | Found a runed door.
  3970 | D:4      | HP: 2/56 [poisoned by Edmund]
  3973 | D:4      | Killed Edmund
  3973 | D:4      | Reached skill level 5 in Earth Magic
  3978 | D:4      | HP: 2/84 [poisoned by Edmund]
  3980 | D:4      | Succumbed to Edmund's poison

Skill      XL: |  1  2  3  4  5  6  7 |
---------------+----------------------+-----
Spellcasting   | 2 3 4 |  4.1
Earth Magic    | 3 4 5 |  5.0
Dodging        | 2 3 |  3.3
Fighting       | 1 2 |  2.6
Armour         | 1 2 |  2.7
Stealth        | |  1.7
Transmutations | |  0.8

Action                   |  1- 3 |  4- 6 |  7- 9 || total
-------------------------+-------+-------+-------++-------
Melee: Unarmed           |    54 |       |       ||    54
       Whip              |    13 |   100 |    23 ||   136
 Cast: Sandblast         |    43 |    35 |    18 ||    96
  Use: Scroll            |       |    10 |       ||    10
       Potion            |       |     1 |     6 ||     7
 Stab: Sleeping          |     1 |     9 |       ||    10
  Eat: Chunk             |     1 |     7 |     1 ||     9
Armor: Robe              |    24 |    25 |     3 ||    52
Dodge: Dodged            |    68 |    87 |    28 ||   183
